 Dungeon Crawl Stone Soup version 0.20-a0-1116-gaa52201 (webtiles) character file.

4 MenacingMecha the Charmwright (level 1, 0/16 HPs)
             Began as a Human Skald on May 7, 2017.
             Succumbed to a goblin's poison
             ... on level 1 of the Dungeon.
             The game lasted 00:00:18 (35 turns).

MenacingMecha the Charmwright (Human Skald)           Turns: 35, Time: 00:00:18

Health: 0/16       AC:  3    Str: 11    XL:     1   Next: 66%
Magic:  3/3        EV: 12    Int: 13    God:
Gold:   0          SH:  0    Dex: 12    Spells: 3/4 levels left

rFire    . . .     SeeInvis .   a - +0 spear
rCold    . . .     Gourm    .   (no shield)
rNeg     . . .     Faith    .   b - +0 leather armour
rPois    .         Spirit   .   (no helmet)
rElec    .         Reflect  .   (no cloak)
rCorr    .         Harm     .   (no gloves)
MR       .....                  (no boots)
Stlth    +.........             (no amulet)
Regen    0.1/turn               (no ring)
MPRegen  0.1/turn               (no ring)

@: lethally poisoned (0 -> -4)
A: no striking features
a: no special abilities


You were on level 1 of the Dungeon.
You were not hungry.

You visited 1 branch of the dungeon, and saw 1 of its levels.

Inventory:

Hand Weapons
 a - a +0 spear (weapon)
Armour
 b - a +0 leather armour (worn)
Books
 c - a book of Battle
Comestibles
 d - a bread ration


   Skills:
 - Level 2.0 Fighting
 + Level 2.4 Polearms
 - Level 1.0 Armour
 - Level 2.0 Dodging
 - Level 2.0 Spellcasting
 - Level 3.0 Charms


You had 3 spell levels left.
You knew the following spells:

 Your Spells              Type           Power        Failure   Level  Hunger
a - Infusion              Chrm           #...         10%         1    ##.....


Dungeon Overview and Level Annotations

Branches:
Dungeon (1/15)

Altars:


Message History

Welcome, MenacingMecha the Human Skald.
The bosom of this dungeon contains the fabled artefact, the Orb of Zot.
Press ? for a list of commands and other information.
Found an escape hatch in the floor.
Found a staircase leading out of the dungeon.
You open the door.
There is an open door here.
You enter the shallow water.
Moving in this stuff is going to be slow. 2 giant cockroaches and a goblin come into view.
The goblin is wielding a dagger of venom.
The goblin shouts!
Attack whom?
Press: ? - help, Dir - move target cursor, f - giant cockroach
Aim: a giant cockroach You reach to attack!
You hit the giant cockroach.
The giant cockroach is moderately wounded.
You hit the giant cockroach but do no damage.
The giant cockroach is moderately wounded.
The goblin misses you.
The giant cockroach bites you but does no damage.
You hit the giant cockroach but do no damage.
The giant cockroach is moderately wounded.
The goblin hits you with a dagger of venom.
You are poisoned.
You hit the giant cockroach.
You kill the giant cockroach!
You feel sick.
The giant cockroach bites you but does no damage.
The goblin closely misses you.
You hit the giant cockroach.
The giant cockroach is heavily wounded.
You feel sick. The giant cockroach closely misses you.
The goblin hits you with a dagger of venom.
The giant cockroach bites you.
You are too injured to fight recklessly!
You are too injured to fight recklessly!
You are too injured to fight recklessly!
You are too injured to fight recklessly!
You are too injured to fight recklessly!
You are too injured to fight recklessly!
You are too injured to fight recklessly!
You are too injured to fight recklessly!
You feel sick.
You feel sick.
You enter the shallow water.
Moving in this stuff is going to be slow.
You feel sick.
The giant cockroach splashes around in the water.
The goblin barely misses you.
There is an open door here.
There is a staircase leading out of the dungeon here.
You closely miss the giant cockroach.
The giant cockroach is heavily wounded.
You feel sick.
You hit the giant cockroach.
The giant cockroach is almost dead.
The giant cockroach barely misses you. The giant cockroach closely misses you.
You hit the giant cockroach but do no damage.
The giant cockroach is almost dead.
You feel sick. The giant cockroach bites you.
* * * LOW HITPOINT WARNING * * *
You hit the giant cockroach but do no damage.
The giant cockroach is almost dead.
The giant cockroach bites you but does no damage.
You hit the giant cockroach.
You kill the giant cockroach!
You hit the goblin.
The goblin is heavily wounded.
You hit the goblin but do no damage.
The goblin is heavily wounded.
* * * LOW HITPOINT WARNING * * *
You feel sick. The goblin misses you.
You hit the goblin.
You kill the goblin!
There is an open door here.
Things that are here:
a dagger of venom; a goblin corpse You enter the shallow water.
Moving in this stuff is going to be slow.
* * * LOW HITPOINT WARNING * * *
You feel sick.
There is an open door here.
Things that are here:
a dagger of venom; a goblin corpse You butcher the goblin corpse.
There is an open door here.
Things that are here:
a dagger of venom; 2 chunks of flesh
There is a lethal amount of poison in your body!
You aren't carrying any potions.
There is a lethal amount of poison in your body!
There is a lethal amount of poison in your body!
Okay, then.
There is a lethal amount of poison in your body!
There is a lethal amount of poison in your body!
* * * LOW HITPOINT WARNING * * *
You feel sick.
You die...

#...## ## #.....#
.##.######.......
.......##........
.....≈...†.......
≈≈≈≈............
≈≈≈≈≈≈..#.......
≈####≈≈.##.....#
#><@≈.(# #...##
####≈..# #+##
#≈≈≈≈≈≈≈.#
≈≈≈≈≈≈≈≈..#
≈≈≈##≈≈≈≈.# ≈≈
#≈≈≈≈.. ≈≈≈≈....
≈≈≈≈≈....#
##+≈≈≈≈.#.#


There were no monsters in sight!

Vanquished Creatures
  2 giant cockroaches (D:1)
  A goblin (D:1)
3 creatures vanquished.

Notes
Turn   | Place    | Note
-------+----------+-------------------------------------------
     0 | D:1      | MenacingMecha the Human Skald began the quest for the Orb.
     0 | D:1      | Reached XP level 1. HP: 16/16 MP: 3/3
    20 | D:1      | HP: 4/16 [giant cockroach (1)]
    27 | D:1      | HP: 2/16 [poisoned by a goblin]
    35 | D:1      | Succumbed to a goblin's poison

Vault maps used:
D:1:      minmay_arrival_floating_metal

Action                   || total
-------------------------++-------
Melee: Spear             ||    13
Armor: Leather armour    ||     3
Dodge: Dodged            ||     7

Vault maps used:
D:1:      minmay_arrival_floating_metal

Table legend:
 A = Turns spent in this place as a percentage of turns spent in the entire game.
 B = Non-inter-level travel turns spent in this place as a percentage of non-inter-level travel turns spent in the entire game.
 C = Inter-level travel turns spent in this place as a percentage of turns spent in this place.
 D = Turns resting spent in this place as a percentage of non-inter-level travel turns spent in this place.
 E = Turns spent auto-exploring this place as a percentage of non-inter-level travel turns spent in this place.
 F = Non-inter-level travel turns spent in this place divided by the number of levels of this place that you've seen.
                   A       B       C       D       E      F
               +-------+-------+-------+-------+-------+----------------------
         Total | 100.0 | 100.0 |   0.0 |   0.0 |   2.2 |  46.0
       Dungeon | 100.0 | 100.0 |   0.0 |   0.0 |   2.2 |  46.0
               +-------+-------+-------+-------+-------+----------------------

Table legend:
 A = Kills in this place as a percentage of kills in entire the game.
 B = Kills by you in this place as a percentage of kills by you in the entire game.
 C = Kills by friends in this place as a percentage of kills by friends in the entire game.
 D = Other kills in this place as a percentage of other kills in the entire game.
 E = Experience gained in this place as a percentage of experience gained in the entire game.
 F = Experience gained in this place divided by the number of levels of this place that you have seen.
                   A       B       C       D       E      F
               +-------+-------+-------+-------+-------+----------------------
         Total | 100.0 | 100.0 |  -nan |  -nan | 100.0 |   6.0
       Dungeon | 100.0 | 100.0 |  -nan |  -nan | 100.0 |   6.0
               +-------+-------+-------+-------+-------+----------------------
